 Dungeon Crawl Stone Soup version 0.31-a0-955-gcb8bc90ed4 (webtiles) character file.

Game seed: 10322787292568811737

1714 BinkBink the Trooper (level 8, 0/74 HPs)
             Began as a Minotaur Monk on Oct 22, 2023.
             Was an Elder of Okawaru.
             Slain by a yak (5 damage)
             ... on level 6 of the Dungeon.
             The game lasted 00:05:04 (5256 turns).

BinkBink the Trooper (Minotaur Monk)                Turns: 5256, Time: 00:05:05

Health: 0/74       AC: 17    Str: 17    XL:     8   Next: 74%
Magic:  0/6        EV:  8    Int:  7    God:    Okawaru [****..]
Gold:   236        SH:  0    Dex: 20    Spells: 7/7 levels left

rFire   . . .        a - +0 hand axe
rCold   . . .        d - orb {light}
rNeg    . . .        i - +0 plate armour
rPois   .            (helmet restricted)
rElec   .            u - +1 cloak
rCorr   .            (no gloves)
SInv    .            (no boots)
Will    .....        m - amulet of guardian spirit Stlth
                     p - +6 ring of dexterity
HPRegen 0.32/turn    (no ring)
MPRegen 0.10/turn

%: guardian spirit
@: mighty, on berserk cooldown, attractive, slowed, glowing, invisible (but
backlit and visible), very slow
A: horns 2, retaliatory headbutt, iridescent scales 1, low MP 1
a: Renounce Religion, Heroism, Finesse


You were on level 6 of the Dungeon.
You worshipped Okawaru.
Okawaru was greatly pleased with you.
You visited 1 branch of the dungeon, and saw 6 of its levels.

You collected 236 gold pieces.

Inventory:

Hand Weapons
 a - a +0 hand axe (weapon)
Armour
 d - an orb of light (worn)
 i - a +0 plate armour (worn)
 u - a +1 cloak (worn)
Jewellery
 m - an amulet of guardian spirit (around neck)
 p - a +6 ring of dexterity (left hand)
Scrolls
 c - 3 scrolls of torment {unknown}
 g - 2 scrolls of fog {unknown}
 j - 4 scrolls of enchant armour {unknown}
 k - 7 scrolls of identify {unknown}
 l - 4 scrolls of fear {unknown}
 n - 2 scrolls of poison {unknown}
 o - 2 scrolls of teleportation {unknown}
 r - a scroll of revelation {unknown}
 s - a scroll of brand weapon {unknown}
Potions
 e - a potion of berserk rage
 f - a potion of mutation
 t - 2 potions of curing


   Skills:
 + Level 7.7 Fighting
 + Level 7.6 Axes
 + Level 6.4 Armour
 + Level 7.0 Dodging


You had 7 spell levels left.
You didn't know any spells.
Your spell library contained the following spells:

 Spells                   Type           Power      Damage    Failure   Level
 Ensorcelled Hibernation  Hex/Ice        0%         N/A       100%        2
 Jinxbite                 Hex            0%         N/A       100%        2
 Gell's Gravitas          Tloc           0%         N/A       100%        3
 Teleport Other           Tloc           0%         N/A       100%        3
 Anguish                  Hex/Necr       0%         N/A       100%        4
 Dispersal                Tloc           0%         N/A       100%        6


Dungeon Overview and Level Annotations

Branches:
Dungeon (6/15)             Temple (0/1) D:6

Altars:
Fedhas
Gozag
Okawaru
Uskayaw

Annotations:
D:5 1 runed translucent door, Crazy Yiuf


Innate Abilities, Weirdness & Mutations

You have a pair of horns on your head.
You reflexively headbutt those who attack you in melee.
You are partially covered in iridescent scales. (AC +2)
Your magical capacity is low. (-10% MP)


Message History

You destroy the sleepcap!
Okawaru accepts your kill.
You feel a strong urge to attack something.
You feel your anger nearly subside.
You hit the yak.
The yak is lightly wounded.
You slash the yak!
The yak is moderately wounded.
The yak gores you but does no damage.
You slash the yak!
The yak is heavily wounded.
The yak barely misses you.
You slash the yak!
The yak is almost dead.
You are no longer berserk.
You are exhausted.
You feel yourself slow down.
It was a potion of attraction.
You feel attractive to monsters. The yak gores you.
* * * LOW HITPOINT WARNING * * *
The yak gores you but does no damage.
It was a potion of might.
You feel very mighty all of a sudden.
You hear the rusting of a very distant drain.
The yak gores you but does no damage.
It was a potion of invisibility.
You become transparent, but the glow from your halo prevents you from becoming completely invisible.
The yak gores you but does no damage. The yak closely misses you.
You slash the yak!
You kill the yak!
Okawaru accepts your kill. The orc wizard is attracted toward you.
The orc is attracted toward you.
Your Dodging skill increases to level 7!
You slash the yak!
The yak is moderately wounded.
The yak gores you!
* * * LOW HITPOINT WARNING * * *
The yak gores you.
You die...

##############
........@Yooo#
############.##
#.o###
######.o.#######
.o.oYo)..........
.{...Y.##..#####
....... ##.##
.....Yf #..#
....... ##.#


You could see a yak, an orc wizard and 2 orcs.

Vanquished Creatures
  4 yaks (D:6)
  A water moccasin (D:5)
  2 ogres
  2 centaurs (D:6)
  3 scorpions
  2 orc priests (D:6)
  4 hounds
  An orc wizard (D:5)
  2 sleepcaps
  4 iguanas
  4 adders
  3 gnolls (D:2)
  3 worms
  2 dart slugs
  15 orcs
  7 ball pythons
  4 endoplasms
  4 giant cockroaches
  5 goblins
  7 hobgoblins
  6 jackals
  5 quokkas
  9 bats
  A frilled lizard (D:2)
  9 kobolds
  4 rats
113 creatures vanquished.

Notes
Turn   | Place    | Note
-------+----------+-------------------------------------------
     0 | D:1      | BinkBink the Minotaur Monk began the quest for the Orb.
     0 | D:1      | Reached XP level 1. HP: 19/19 MP: 0/0
   213 | D:1      | Reached XP level 2. HP: 25/27 MP: 1/1
   514 | D:1      | Reached XP level 3. HP: 31/33 MP: 2/2
   979 | D:2      | Reached skill level 1 in Armour
   985 | D:2      | Found an opulent altar of Gozag.
  1278 | D:2      | Reached XP level 4. HP: 16/41 MP: 3/3
  2165 | D:3      | Reached XP level 5. HP: 47/47 MP: 4/4
  3004 | D:4      | Found a blossoming altar of Fedhas.
  3006 | D:4      | Found an iron altar of Okawaru.
  3060 | D:4      | Became a worshipper of Warmaster Okawaru
  3060 | D:4      | Reached * piety under Okawaru
  3060 | D:4      | Reached ** piety under Okawaru
  3629 | D:5      | Entered Level 5 of the Dungeon
  3662 | D:5      | Reached skill level 5 in Fighting
  3662 | D:5      | Reached skill level 5 in Axes
  3694 | D:5      | Reached XP level 6. HP: 56/56 MP: 5/5
  3716 | D:5      | Noticed a +0 dagger
  3717 | D:5      | Found a hide-covered altar of Uskayaw.
  3718 | D:5      | Noticed a +0 dagger
  3773 | D:5      | Reached skill level 5 in Dodging
  4126 | D:5      | Reached XP level 7. HP: 59/62 MP: 6/6
  4161 | D:5      | Reached *** piety under Okawaru
  4757 | D:5      | Found a runed translucent door.
  4758 | D:5      | Noticed Crazy Yiuf
  5148 | D:6      | Found a staircase to the Ecumenical Temple.
  5180 | D:6      | Reached skill level 5 in Armour
  5183 | D:6      | Reached XP level 8. HP: 52/71 MP: 5/7
  5220 | D:6      | Reached **** piety under Okawaru
  5240 | D:6      | Gained mutation: Your magical capacity is low. (-10% MP)
                  | [potion of mutation]
  5240 | D:6      | Gained mutation: You are partially covered in iridescent
                  | scales. (AC +2) [potion of mutation]
  5256 | D:6      | Slain by a yak

Illustrated notes

Levels and vault maps discovered:
D:1:      dpeg_arrival_brainrot, layout_basic, serial_glass, glass_columns_a,
          glass_columns_a, feat_on_display
D:2:      minmay_chambers_of_ones, layout_basic, basic_altar,
          kennysheep_generic_room_3
D:3:      layout_basic
D:4:      layout_layer_cave, jmf_multi_god_temple
D:5:      layout_loops_ring, dancing_weapons_uskayaw,
          amcnicky_mini_corridor_feature, uniq_crazy_yiuf_cottage
D:6:      layout_basic, minmay_temple_entry_proselytizer,
          mainiacjoe_sewer_entry_somewhere_in_here_2

Skill      XL: |  1  2  3  4  5  6  7  8 |
---------------+-------------------------+-----
Fighting       | 4 5 6 7 |  7.7
Axes           | 4 5 6 7 |  7.6
Armour         | 1 2 3 5 6 |  6.4
Dodging        | 4 5 6 7 |  7.0

Action                     |  1- 3 |  4- 6 |  7- 9 || total
---------------------------+-------+-------+-------++-------
  Melee: Hand axe          |    82 |   136 |    91 ||   309
         Headbutt          |    13 |    37 |    35 ||    85
    Use: Potion            |     1 |       |     6 ||     7
 Armour: Plate armour      |    88 |   125 |    94 ||   307
         Robe              |     1 |       |       ||     1
  Dodge: Dodged            |    24 |    40 |    43 ||   107

Table legend: (Time is in decaauts)
 A = Elapsed time spent in this place.
 B = Non-inter-level travel time spent in this place.
 C = Inter-level travel time spent in this place.
 D = Time resting spent in this place.
 E = Time spent auto-exploring this place.
 F = Levels seen in this place.
 G = Mean time per level.
                   A        B        C        D        E       F      G
               +--------+--------+--------+--------+--------+-----+--------+
         Total |   5266 |   5157 |    109 |    612 |   3840 |   6 |  877.7 |
       Dungeon |   5266 |   5157 |    109 |    612 |   3840 |   6 |  877.7 |
               +--------+--------+--------+--------+--------+-----+--------+

Top non-repeatable levels by time:
     D:5: 1418 daAuts
     D:4: 1095 daAuts
     D:1: 960 daAuts
     D:2: 955 daAuts
     D:3: 631 daAuts
     D:6: 205 daAuts
